 Dungeon Crawl Stone Soup version 0.32-a0-20-ge526923d97 (webtiles) character file.

Game seed: 1962933052562436510

823 Newt the Skirmisher (level 8, -7/49 HPs)
             Began as a Kobold Hunter on Jan 17, 2024.
             Killed from afar by Maggie (22 damage)
             ... with a bolt of fire
             ... on level 7 of the Dungeon.
             The game lasted 00:03:31 (4551 turns).

Newt the Skirmisher (Kobold Hunter)                 Turns: 4551, Time: 00:03:32

Health: -7/49      AC:  6    Str: 14    XL:     8   Next: 17%
Magic:  8/8        EV: 17    Int: 10    God:
Gold:   223        SH:  0    Dex: 21    Spells: 7/7 levels left

rFire   . . .        a - +1 shortbow (elec)
rCold   . . .        (shield currently unavailable)
rNeg    . . .        l - +2 leather armour {Will+}
rPois   .            (no helmet)
rElec   .            (no cloak)
rCorr   .            (no gloves)
SInv    .            f - +0 pair of boots
Will    +....        (no amulet)
Stlth   +++          h - +6 ring of strength
HPRegen 0.28/turn    (no ring)
MPRegen 0.11/turn

%: no passive effects
@: no status effects
A: small, no large weapons, nightstalker 3
a: no special abilities


You were on level 7 of the Dungeon.
You visited 1 branch of the dungeon, and saw 7 of its levels.

You collected 313 gold pieces.
You spent 90 gold pieces at shops.

Inventory:

Hand Weapons
 a - a +1 shortbow of electrocution (weapon)
Armour
 c - a +0 leather armour
 f - a +0 pair of boots (worn)
 l - a +2 leather armour of willpower (worn)
Jewellery
 h - a +6 ring of strength (left hand)
Wands
 j - a wand of roots (3)
Scrolls
 b - a scroll of butterflies
 e - 2 scrolls of poison
 o - 2 scrolls of teleportation
Potions
 d - a potion of resistance
 g - 2 potions of might {unknown}
 i - 2 potions of invisibility {unknown}
 k - a potion of mutation
 m - a potion of brilliance {unknown}
 n - a potion of enlightenment {unknown}
 p - a potion of curing


   Skills:
 - Level 5.0 Fighting
 + Level 10.1 Ranged Weapons
 - Level 5.0 Dodging
 - Level 1.3 Stealth


You had 7 spell levels left.
You didn't know any spells.
Your spell library contained the following spells:

 Spells                   Type           Power      Damage    Failure   Level
 Foxfire                  Conj/Fire      0%         2x1d4     43%         1
 Magic Dart               Conj           0%         1d3       43%         1
 Jinxbite                 Hex            0%         N/A       58%         2
 Mercury Vapours          Alch/Air       0%         N/A       58%         2
 Searing Ray              Conj           0%         2d4       58%         2
 Mephitic Cloud           Conj/Alch/Air  0%         N/A       82%         3
 Stone Arrow              Conj/Erth      0%         3d7       82%         3
 Animate Armour           Summ/Erth      0%         N/A       99%         4
 Cause Fear               Hex            0%         N/A       99%         4
 Fulminant Prism          Conj/Alch      0%         3d5       99%         4
 Fireball                 Conj/Fire      0%         3d3       100%        5
 Freezing Cloud           Conj/Ice/Air   0%         6-21      100%        5
 Yara's Violent Unravell  Hex/Alch       0%         3d3       100%        5
 Plasma Beam              Fire/Air       0%         2x1d10    100%        6
 Starburst                Conj/Fire      0%         6d3       100%        6
 Enfeeble                 Hex            0%         N/A       100%        7
 Lehudib's Crystal Spear  Conj/Erth      0%         10d2      100%        8
 Dragon's Call            Summ           0%         N/A       100%        9


Dungeon Overview and Level Annotations

Branches:
Dungeon (8/15)
 Temple: D:4-7         Lair: D:8-11

Altars:
Elyvilon
Zin

Annotations:
D:7 Maggie


Innate Abilities, Weirdness & Mutations

You are small and have problems with some larger weapons.
You are completely attuned to the shadows.


Message History

Maggie is nearby!
You shoot an arrow.
The arrow hits Maggie but does no damage.
Lightning courses through Maggie!
Maggie shouts!
Maggie is moderately wounded.
You shoot an arrow. The arrow hits Maggie.
Maggie is moderately wounded.
You shoot an arrow. The arrow hits Maggie!
Maggie is heavily wounded.
You shoot an arrow. The arrow closely misses Maggie.
Maggie hits you with a +2 morningstar of flaming!
Maggie burns you.
You shoot an arrow. The arrow barely misses Maggie.
Maggie casts a spell at you. The bolt of fire hits you!
* * * LOW HITPOINT WARNING * * *
You are too injured to fight recklessly!
Unknown command.
You shoot an arrow. The arrow hits Maggie!
Maggie is heavily wounded.
Maggie casts a spell.
Maggie attempts to bespell you!
You easily resist.
Unknown command.
You shoot an arrow. The arrow barely misses Maggie.
Unknown command.
You shoot an arrow.
The arrow hits Maggie but does no damage.
Maggie is heavily wounded.
Maggie completely misses you.
Unknown command.
You shoot an arrow. The arrow hits Maggie.
Maggie is severely wounded.
Maggie hits you but does no damage.
Unknown command.
You shoot an arrow. The arrow hits Maggie!
Maggie is severely wounded.
Maggie casts a spell at you. The bolt of fire hits you!!
You die...

#........ ########
##....... #.......##
##..>... .........##
###.... ..........#
###....#
..........####....###
...........##....###
...............#...##
....@........##......
....@......####......
..........## #.......
.......... ##.......
......... #........
#........ ##........
#......... #........>


You could see Maggie.

Vanquished Creatures
  An ice beast (D:3)
  A black bear (D:5)
  A phantom (D:5)
  A bullfrog (D:7)
  A scorpion (D:4)
  A bombardier beetle (D:3)
  2 hounds
  3 orc priests (D:5)
  An orc wizard (D:7)
  An iguana (D:4)
  Terence (D:2)
  4 gnolls (D:4)
  5 adders
  2 dart slugs (D:4)
  A ribbon worm (D:4)
  12 orcs
  6 ball pythons
  8 endoplasms
  A giant cockroach (D:3)
  4 hobgoblins
  6 jackals
  12 kobolds
  3 quokkas
  5 bats
  2 frilled lizards
  7 goblins
  5 rats
97 creatures vanquished.

Notes
Turn   | Place    | Note
-------+----------+-------------------------------------------
     0 | D:1      | Newt the Kobold Hunter began the quest for the Orb.
     0 | D:1      | Reached XP level 1. HP: 12/12 MP: 1/1
   200 | D:1      | Reached XP level 2. HP: 18/18 MP: 2/2
   756 | D:1      | Reached XP level 3. HP: 23/23 MP: 3/3
  1207 | D:2      | Noticed Terence
  1225 | D:2      | Killed Terence
  1226 | D:2      | Reached XP level 4. HP: 24/30 MP: 4/4
  2073 | D:3      | Found a faded altar of an unknown god.
  2158 | D:3      | Noticed an ice beast
  2165 | D:3      | Killed an ice beast
  2166 | D:3      | Reached skill level 5 in Fighting
  2166 | D:3      | Reached skill level 6 in Ranged Weapons
  2166 | D:3      | Reached XP level 5. HP: 8/35 MP: 5/5
  2674 | D:3      | Reached skill level 7 in Ranged Weapons
  2674 | D:3      | Reached XP level 6. HP: 25/40 MP: 6/6
  3296 | D:4      | Reached skill level 8 in Ranged Weapons
  3330 | D:4      | Reached XP level 7. HP: 44/44 MP: 7/7
  3379 | D:4      | Reached skill level 9 in Ranged Weapons
  3693 | D:5      | Entered Level 5 of the Dungeon
  3888 | D:5      | Reached skill level 5 in Dodging
  4029 | D:5      | Reached XP level 8. HP: 49/49 MP: 8/8
  4087 | D:5      | You fall into a shaft and drop 3 floors!
  4124 | D:8      | Found Zin's Purification Station.
  4126 | D:8      | Found a glowing silver altar of Zin.
  4129 | D:8      | Bought a potion of curing for 90 gold pieces
  4210 | D:7      | Found a white marble altar of Elyvilon.
  4280 | D:7      | Reached skill level 10 in Ranged Weapons
  4541 | D:7      | Noticed Maggie
  4551 | D:7      | Killed from afar by Maggie

Illustrated notes

Levels and vault maps discovered:
D:1:      amcnicky_arrival_feature_with_door, layout_basic, grunt_decor_fettered
D:2:      minmay_alternating_diamond, layout_basic, uniq_terence
D:3:      minmay_octagon_keep, layout_basic, basic_ecumenical_altar,
          chequers_arboretum, guppyfry_early_lair_pool
D:4:      layout_basic
D:5:      layout_basic, nicolae_ru_sacrificial_ziggurat, grunt_ministairs_14
D:7:      layout_cave_pods, elyvilon_altar_3, temple_doors_cd,
          uniq_prince_ribbit1, uniq_duvessa, uniq_maggie
D:8:      layout_rooms, zin_purify, lair_entry_dummy, minmay_hedge_maze,
          minmay_misc_feat_doors, uniq_pikel

Skill      XL: |  1  2  3  4  5  6  7  8 |
---------------+-------------------------+-----
Fighting       | 3 4 5 |  5.0
Ranged Weapons | 6 7 8 9 10 | 10.1
Dodging        | 5 |  5.0
Stealth        | |  1.3

Action                     |  1- 3 |  4- 6 |  7- 9 || total
---------------------------+-------+-------+-------++-------
   Fire: Shortbow          |    51 |   120 |    87 ||   258
    Use: Scroll            |     2 |     5 |     4 ||    11
 Armour: Leather armour    |     6 |    26 |    18 ||    50
  Dodge: Dodged            |    15 |    33 |    34 ||    82

Table legend: (Time is in decaauts)
 A = Elapsed time spent in this place.
 B = Non-inter-level travel time spent in this place.
 C = Inter-level travel time spent in this place.
 D = Time resting spent in this place.
 E = Time spent auto-exploring this place.
 F = Levels seen in this place.
 G = Mean time per level.
                   A        B        C        D        E       F      G
               +--------+--------+--------+--------+--------+-----+--------+
         Total |   4569 |   4412 |    157 |    385 |   3530 |   7 |  652.7 |
       Dungeon |   4569 |   4412 |    157 |    385 |   3530 |   7 |  652.7 |
               +--------+--------+--------+--------+--------+-----+--------+

Top non-repeatable levels by time:
     D:3: 1360 daAuts
     D:1: 939 daAuts
     D:2: 844 daAuts
     D:4: 569 daAuts
     D:5: 393 daAuts
     D:7: 359 daAuts
     D:8: 102 daAuts
